 Dungeon Sprint DCSS version 0.28-a0-1087-gf3fc490d9d (webtiles) character file.

Game seed: 3969453944692794910

4540 rocky1 the Severer (level 10, -3/83 HPs)
             Began as a Formicid Fighter on Dec 11, 2021.
             Was the Champion of Cheibriados.
             Killed from afar by a nagaraja (10 damage)
             ... with a bolt of poison
             ... in the Dungeon (Sprint VII: "The Pits").
             The game lasted 00:07:08 (1783 turns).

rocky1 the Severer (Formicid Fighter)               Turns: 1783, Time: 00:07:09

Health: -3/83      AC: 23    Str: 43    XL:     10   Next: 66%
Magic:  7/17       EV: 15    Int: 23    God:    Cheibriados [******]
Gold:   0          SH:  8    Dex: 25    Spells: 9/9 levels left

rFire   . . .      SeeInvis +   n - +2 war axe (freeze)
rCold   . . .      Faith    .   c - +0 buckler
rNeg    . . .      Spirit   .   r - +3 plate armour
rPois   .          Reflect  .   (helmet unavailable)
rElec   .          Harm     .   p - +0 cloak
rCorr   .          Rampage  .   o - +0 pair of gloves
Will    +....                   (no boots)
Stlth   ..........              (no amulet)
HPRegen 0.23/turn               a - +3 ring of protection
MPRegen 0.15/turn               b - +3 ring of strength

@: lethally poisoned (-3 -> -65), very slow
A: permanent stasis, dig shafts and tunnels, antennae 3, four strong arms
a: Dig, Renounce Religion, Bend Time, Temporal Distortion, Slouch, Step From
Time


You were in the Dungeon.
You worshipped Cheibriados.
Cheibriados was exalted by your worship.
You visited 1 branch

Inventory:

Hand Weapons
 d - a +2 vorpal morningstar
 k - a +2 vorpal hand axe
 n - a +2 war axe of freezing (weapon)
Missiles
 q - 9 poisoned darts (quivered)
 s - a curare-tipped dart
Armour
 c - a +0 buckler (worn)
 o - a +0 pair of gloves (worn)
 p - a +0 cloak (worn)
 r - a +3 plate armour (worn)
Jewellery
 a - a +3 ring of protection (left hand)
 b - a +3 ring of strength (right hand)
Scrolls
 i - 5 scrolls of amnesia
 j - a scroll of summoning
Potions
 e - 9 potions of curing
 f - 10 potions of heal wounds
 g - 4 potions of magic
 h - 2 potions of invisibility
 l - a potion of brilliance
 m - a potion of resistance


   Skills:
 + Level 9.5 Fighting
 - Level 16.2 Axes
 + Level 9.5 Armour
 + Level 7.3 Dodging
 + Level 10.4 Shields
 + Level 9.7 Invocations


You had 9 spell levels left.
You didn't know any spells.
Your spell library was empty.

Dungeon Overview and Level Annotations

Branches:
Dungeon (1/1)

Altars:
Ashenzari
Cheibriados
Dithmenos
Elyvilon
Fedhas
Gozag
Hepliaklqana
Kikubaaqudgha
Makhleb
Nemelex Xobeh
Okawaru
Qazlal
Ru
Sif Muna
Trog
Uskayaw
Vehumet
Wu Jian
Xom
Yredelemnul
Zin
The Shining One
Beogh
Jiyva
Lugonu


Innate Abilities, Weirdness & Mutations

You cannot be hasted, slowed, berserked, paralysed or teleported.
You can dig through walls and to a lower floor.
You have a pair of large antennae on your head. (SInv)
Your four strong arms can wield two-handed weapons with a shield.


Message History

The naga mage is severely wounded.
You feel sick.
The naga mage mumbles some strange words.
The naga mage seems to speed up.
You slash the naga mage! You freeze the naga mage.
You kill the naga mage!
Cheibriados thoroughly appreciates the change of pace.
You feel sick.
You barely miss the naga.
The naga is moderately wounded.
You feel sick.
You barely miss the naga.
The naga is moderately wounded.
You feel sick.
You are more poisoned.
The naga spits poison at you. The splash of poison misses you.
The nagaraja mumbles some strange words.
The nagaraja seems to speed up.
You slice the naga!! You freeze the naga!
You kill the naga!
Cheibriados appreciates the change of pace.
You feel sick.
You are more poisoned.
The nagaraja hits you but does no damage.
You feel very sick.
You are more poisoned. x2
The naga ritualist's toxic aura wanes.
The nagaraja gestures at you while chanting.
The poison arrow hits you!!
You are more poisoned.
* * * LOW HITPOINT WARNING * * *
A naga breaks down the door.
You block the naga's attack.
The naga ritualist utters an invocation to its god.
The naga ritualist begins to radiate toxic energy.
* * * LOW HITPOINT WARNING * * *
You are more poisoned.
The nagaraja gestures at you while chanting.
The bolt of poison hits you!
You are more poisoned.
You die...

+..........# +..........#
#..#....#..# #..........+
{{ #..........+ {{ {
###''####''#
###''####''#########
#......##...).......
#.#@##.##...........
#.#N)'.##..######### #
'NN#.##..# .#N|+ ##..#
#++###########.+)|# #..#
{{ ........##..## ##+#
#..# .#......##..# #..#
........''..# #..#
........'').##########..#


You could see a nagaraja (fast), a naga ritualist (toxic aura, curare) and 2
nagas.

Vanquished Creatures
  A ghost moth (D)
  An orc sorcerer (D)
  A naga mage (D)
  A smoke demon (D)
  3 kobold demonologists (D)
  A komodo dragon (D)
  A wandering mushroom (D)
  A wraith (D)
  An air elemental (D)
  A naga (D)
  Duvessa (D)
  A water moccasin (D)
  A floating eye (D)
  An orc warrior (D)
  An ogre (D)
  3 kobold brigands (D)
  An earth elemental (D)
  A scorpion (D)
  Dowan (D)
  A crimson imp (D)
  A quasit (D)
  A hell rat (D)
  2 mummies (D)
  2 gnolls (D)
  A river rat (D)
  An adder zombie (D)
  3 orcs (D)
  2 endoplasms (D)
  A giant cockroach (D)
  2 goblins (D)
  A quokka (D)
  2 ball pythons (D)
  A ball python simulacrum (D)
  A ball python skeleton (D)
  A frilled lizard (D)
  A jackal skeleton (D)
  4 kobolds (D)
51 creatures vanquished.

Notes
Turn   | Place    | Note
-------+----------+-------------------------------------------
     0 | D        | rocky1 the Formicid Fighter began the quest for the Orb.
     0 | D        | Reached XP level 1. HP: 18/18 MP: 1/1
    43 | D        | Found a bloodstained altar of Trog.
    43 | D        | Found a shimmering blue altar of Sif Muna.
    43 | D        | Found a viscous altar of Jiyva.
    43 | D        | Found a hazy altar of Hepliaklqana.
    43 | D        | Found an opulent altar of Gozag.
    44 | D        | Found a glowing golden altar of the Shining One.
    44 | D        | Found a glowing silver altar of Zin.
    44 | D        | Found a basalt altar of Yredelemnul.
    44 | D        | Found a shimmering altar of Xom.
    44 | D        | Found an ornate altar of the Wu Jian Council.
    44 | D        | Found a sacrificial altar of Ru.
    44 | D        | Found a stormy altar of Qazlal.
    44 | D        | Found an iron altar of Okawaru.
    44 | D        | Found a sparkling altar of Nemelex Xobeh.
    44 | D        | Found a burning altar of Makhleb.
    44 | D        | Found a blossoming altar of Fedhas.
    44 | D        | Found a white marble altar of Elyvilon.
    44 | D        | Found a shadowy altar of Dithmenos.
    44 | D        | Found a snail-covered altar of Cheibriados.
    47 | D        | Found a corrupted altar of Lugonu.
    47 | D        | Found a radiant altar of Vehumet.
    48 | D        | Found an ancient bone altar of Kikubaaqudgha.
    48 | D        | Found a hide-covered altar of Uskayaw.
    48 | D        | Found a broken altar of Ashenzari.
    55 | D        | Became a worshipper of Cheibriados the Contemplative
    76 | D        | Reached skill level 3 in Axes
    79 | D        | Reached * piety under Cheibriados
   137 | D        | Reached skill level 4 in Axes
   139 | D        | Reached skill level 5 in Axes
   139 | D        | Reached XP level 2. HP: 14/24 MP: 2/2
   258 | D        | Noticed Dowan
   258 | D        | Noticed Duvessa
   262 | D        | Reached ** piety under Cheibriados
   263 | D        | Killed Duvessa
   264 | D        | Reached skill level 9 in Axes
   264 | D        | Reached XP level 3. HP: 27/29 MP: 3/3
   264 | D        | Reached XP level 4. HP: 33/35 MP: 4/4
   264 | D        | Reached XP level 5. HP: 39/41 MP: 5/5
   266 | D        | Reached *** piety under Cheibriados
   267 | D        | Reached skill level 10 in Axes
   268 | D        | Killed Dowan
   269 | D        | Reached skill level 11 in Axes
   363 | D        | Noticed an ogre
   364 | D        | Noticed a floating eye
   367 | D        | Killed a floating eye
   367 | D        | Reached **** piety under Cheibriados
   368 | D        | Reached skill level 12 in Axes
   368 | D        | Reached XP level 6. HP: 47/47 MP: 6/6
   371 | D        | Killed an ogre
   372 | D        | Reached skill level 13 in Axes
   378 | D        | Reached XP level 7. HP: 37/52 MP: 7/7
   381 | D        | Reached skill level 14 in Axes
   386 | D        | Reached ***** piety under Cheibriados
   489 | D        | Noticed a kobold demonologist
   495 | D        | Noticed an ice devil
   496 | D        | Killed a kobold demonologist
   497 | D        | Reached skill level 15 in Axes
   508 | D        | Reached skill level 16 in Axes
   508 | D        | Reached XP level 8. HP: 58/58 MP: 8/8
   513 | D        | Reached ****** piety under Cheibriados
   573 | D        | Noticed a wraith
   582 | D        | Reached skill level 1 in Dodging
   582 | D        | Reached skill level 1 in Invocations
   598 | D        | Killed a wraith
   599 | D        | Reached skill level 5 in Shields
   830 | D        | Noticed a komodo dragon
   831 | D        | Noticed a kobold demonologist
   833 | D        | Noticed a kobold demonologist
   834 | D        | Noticed a smoke demon
   836 | D        | Killed a komodo dragon
   836 | D        | Killed a kobold demonologist
   837 | D        | Reached skill level 5 in Invocations
   837 | D        | Reached XP level 9. HP: 70/70 MP: 0/13
   840 | D        | Killed a kobold demonologist
   965 | D        | Noticed a smoke demon
   970 | D        | Killed a smoke demon
   971 | D        | Reached skill level 5 in Dodging
  1055 | D        | Noticed an orc sorcerer
  1065 | D        | Killed an orc sorcerer
  1066 | D        | Reached XP level 10. HP: 33/80 MP: 14/16
  1285 | D        | Noticed a ghost moth
  1299 | D        | Killed a ghost moth
  1618 | D        | Reached skill level 10 in Shields
  1772 | D        | Noticed a naga mage
  1772 | D        | Noticed a naga ritualist
  1772 | D        | Noticed a nagaraja
  1779 | D        | Killed a naga mage
  1783 | D        | Killed from afar by a nagaraja

Illustrated notes

Levels and vault maps discovered:
D:        pitsprint [storerooms_1, entrance_room_1, metal_vault_3, armoury_1,
          mini_pit_1, grid_room_1, main_hall_1, silver_pit, the_coven_3,
          the_vestibule_1, steel_vault_4, golden_pit, hallway_of_sentries,
          crystal_vault_1, iron_vault_2, final_vault]

Skill      XL: |  1  2  3  4  5  6  7  8  9 10 |
---------------+-------------------------------+-----
Axes           | 5 9 12 13 16 | 16.2
Dodging        | 4 6 7 |  7.3
Shields        | 7 8 10 | 10.4
Invocations    | 5 8 9 |  9.7
Fighting       | 6 8 9 |  9.5
Armour         | 6 8 9 |  9.5

Action                   |  1- 3 |  4- 6 |  7- 9 | 10-12 || total
-------------------------+-------+-------+-------+-------++-------
Melee: War axe           |    17 |     5 |    18 |    32 ||    72
       Hand axe          |       |    11 |    55 |       ||    66
Throw: Dart              |       |       |     3 |       ||     3
Invok: Slouch            |       |       |     2 |     2 ||     4
 Abil: Dig               |       |       |     1 |       ||     1
  Use: Potion            |     1 |       |       |       ||     1
Armor: Scale mail        |     5 |       |       |       ||     5
       Chain mail        |       |     4 |    16 |       ||    20
       Plate armour      |       |       |     8 |    13 ||    21
Dodge: Dodged            |     8 |     1 |    23 |     7 ||    39
Block: Buckler           |     6 |     1 |     8 |     8 ||    23

Table legend: (Time is in decaauts)
 A = Elapsed time spent in this place.
 B = Non-inter-level travel time spent in this place.
 C = Inter-level travel time spent in this place.
 D = Time resting spent in this place.
 E = Time spent auto-exploring this place.
 F = Levels seen in this place.
 G = Mean time per level.
                   A        B        C        D        E       F      G
               +--------+--------+--------+--------+--------+-----+--------+
         Total |   2058 |   1902 |    156 |   1135 |      0 |   1 | 2058.0 |
       Dungeon |   2058 |   1902 |    156 |   1135 |      0 |   1 | 2058.0 |
               +--------+--------+--------+--------+--------+-----+--------+

Top non-repeatable levels by time:
       D: 2058 daAuts
